[Event "Early-Titled-Tuesday-Blitz-October-10-2023"]
[Site "Chess.com"]
[Date "2023.10.10"]
[Round "2"]
[White "inagreV"]
[Black "ural58"]
[Result "0-1"]
[WhiteElo "2271"]
[BlackElo "2507"]
[TimeControl "180+1"]
[EndTime "8:15:57 PDT"]
[Termination "ural58 won by resignation"]

1. e4 d5 2. exd5 Qxd5 3. Nc3 Qa5 4. d4 Nf6 5. Nf3 Nc6 6. Bb5 Ne4 7. O-O Nxc3 8. Bxc6+ bxc6 9. bxc3 Bf5 10. Ne5 Qxc3 11. Be3 f6 12. Qf3 Qxc2 13. Rac1 Qe4 14. Qxe4 Bxe4 15.
Nxc6 e6 16. Rfe1 Bd5 17. Bf4 Kd7 18. Na5 Bd6 19. Bxd6 cxd6 20. Re3 Rhc8 21. Rec3 Rxc3 22. Rxc3 Bxa2 23. Rg3 g5 24. h4 h6 25. hxg5 hxg5 26. Rh3 Re8 27. Rh7+ Re7 28. Rxe7+ Kxe7 29. Nc6+ Kd7 30.
Nxa7 Bc4 31. f4 gxf4 32. Kf2 Kc7 33. Kf3 Kb7 0-1

[Event "Early-Titled-Tuesday-Blitz-October-10-2023"]
[Site "Chess.com"]
[Date "2023.10.10"]
[Round "2"]
[White "MITerryble"]
[Black "Zavgorodniy_Sergiy"]
[Result "1-0"]
[WhiteElo "3013"]
[BlackElo "2622"]
[TimeControl "180+1"]
[EndTime "8:16:02 PDT"]
[Termination "MITerryble won by resignation"]

1. d4 Nf6 2. Nf3 e6 3. c4 Bb4+ 4. Bd2 Qe7 5. g3 Nc6 6. Nc3 Bxc3 7. Bxc3 d6 8. Bg2 O-O 9. Qc2 e5 10. O-O Bg4 11. d5 Nb8 12. Nh4 c5 13. dxc6 Nxc6 14. Rfd1 Rac8 15. Rac1 Rfd8 16. Nf5 Bxf5 17. Qxf5 a5 18.
b3 b6 19. Rd2 g6 20. Qd3 Qe6 21. Rcd1 Ne7 22. Bb2 d5 23. cxd5 Nexd5 24. Qb5 Rc5 25. Qa6 Re8 26. Qb7 e4 27. Bxf6 Nxf6 28. Rd6 Qf5 29.
Qxb6 Rc2 30. Rxf6 1-0

[Event "Early-Titled-Tuesday-Blitz-October-10-2023"]
[Site "Chess.com"]
[Date "2023.10.10"]
[Round "2"]
[White "feuervogel1000000"]
[Black "nitpicker"]
[Result "1-0"]
[WhiteElo "2502"]
[BlackElo "2255"]
[TimeControl "180+1"]
[EndTime "8:16:02 PDT"]
[Termination "feuervogel1000000 won on time"]

1. e4 c5 2. Nf3 Nc6 3. Bb5 d6 4.
O-O e6 5. c3 g5 6. d4 g4 7. Ne1 h5 8. d5 a6 9. Ba4 b5 10. dxc6 bxa4 11. Qxa4 Qc7 12. Na3 Rb8 13. Nc4 Rb5 14. Bf4 Qxc6 15. Rd1 e5 16. Bg5 Bd7 17.
Nd3 f6 18. Bh4 Be7 19. Ne3 Nh6 20. Nd5 Kf7 21. f4 exf4 22. Rxf4 Rb7 23. Qxc6 Bxc6 24. Nxf6 Bxf6 25. Bxf6 Kg6 26. Bxh8 1-0

[Event "Early-Titled-Tuesday-Blitz-October-10-2023"]
[Site "Chess.com"]
[Date "2023.10.10"]
[Round "2"]
[White "Dedic8"]
[Black "JSlaby"]
[Result "1-0"]
[WhiteElo "2833"]
[BlackElo "2573"]
[TimeControl "180+1"]
[EndTime "8:16:03 PDT"]
[Termination "Dedic8 won by resignation"]

1. d4 Nf6 2. c4 g6 3. Nc3 Bg7 4. e4 d6 5. h3 O-O 6. Be3 e5 7. d5 Na6 8. Nf3 Nh5 9. g3 Qe8 10. Be2 Bd7 11. Nd2 Nf6 12. g4 c5 13. h4 h6 14. g5 hxg5 15. hxg5 Nh7 16. Nf3 Nc7 17.
Nh4 b5 18. cxb5 Nxb5 19. Bxb5 Bxb5 20. Nf5 gxf5 21. Qh5 Nxg5 22. Bxg5 f6 23. Qh7+ Kf7 24.
Bh6 Rg8 25. Rg1 Ke7 26. Bxg7 1-0

[Event "Early-Titled-Tuesday-Blitz-October-10-2023"]
[Site "Chess.com"]
[Date "2023.10.10"]
[Round "2"]
[White "AsaHoffmann"]
[Black "FGHSMN"]
[Result "0-1"]
[WhiteElo "2398"]
[BlackElo "2855"]
[TimeControl "180+1"]
[EndTime "8:16:04 PDT"]
[Termination "FGHSMN won by resignation"]

1. d4 d5 2. Bg5 f6 3. Bf4 Nc6 4. Nf3 g5 5. Bg3 h5 6. h3 e6 7. e3 Bd6 8. Bxd6 cxd6 9. Bd3 f5 10. h4 g4 11. Ng5 Nf6 12. Nd2 Ne4 13. Bxe4 dxe4 14.
a3 d5 15. c4 O-O 16. g3 b6 17. Qc2 Bd7 18. cxd5 exd5 19. Qb3 Ne7 20. Nb1 Rc8 21.
Nc3 Kg7 22. Rc1 Rc4 23. Kd2 b5 24. Ne2 Qa5+ 25. Rc3 Rb8 26. Rb1 b4 27. axb4 Rbxb4 28. Qc2 Bb5 29. Nf4 Qa2 30. Kc1 Rxc3 31. bxc3 Qxc2+ 32. Kxc2 Bd3+ 33. Nxd3 exd3+ 0-1

[Event "Early-Titled-Tuesday-Blitz-October-10-2023"]
[Site "Chess.com"]
[Date "2023.10.10"]
[Round "2"]
[White "Cambek64"]
[Black "FMStan15"]
[Result "1-0"]
[WhiteElo "2442"]
[BlackElo "2110"]
[TimeControl "180+1"]
[EndTime "8:16:04 PDT"]
[Termination "Cambek64 won by resignation"]

1. e4 e6 2. d3 d5 3. Qe2 d4 4. e5 c5 5. f4 Nc6 6. Nf3 Nge7 7. g3 Nd5 8. Bg2 Be7 9. O-O O-O 10. c4 dxc3 11. bxc3 Bd7 12. Nbd2 b5 13. Ne4 Qb6 14. Be3 f5 15. exf6 Nxf6 16. Nfg5 Nxe4 17. Bxe4 Bxg5 18.
fxg5 Ne5 19. d4 Nc4 20. dxc5 Qc7 21. Bxa8 Rxa8 22. Qf2 Bc6 23. Rae1 Bb7 24. Bd4 e5 25. Bxe5 Nxe5 26. Rxe5 g6 27. Qf6 Qd8 28. Qf7+ Kh8 29.
Qxb7 1-0

[Event "Early-Titled-Tuesday-Blitz-October-10-2023"]
[Site "Chess.com"]
[Date "2023.10.10"]
[Round "2"]
[White "cycygogne"]
[Black "GM4life"]
[Result "0-1"]
[WhiteElo "2240"]
[BlackElo "2492"]
[TimeControl "180+1"]
[EndTime "8:16:05 PDT"]
[Termination "GM4life won by checkmate"]

1. e4 c6 2. d4 d5 3. Nc3 dxe4 4.
Nxe4 Bf5 5. Ng3 Bg6 6. h4 h6 7. Nh3 e5 8. dxe5 Qa5+ 9. Bd2 Qxe5+ 10. Be2 Bc5 11. Bc3 Qe7 12. O-O Nf6 13. Re1 O-O 14.
Nf4 Bh7 15. Bd3 Qc7 16. Bxf6 Qxf4 17. Bxh7+ Kxh7 18. Qd3+ Kg8 19. Bxg7 Bxf2+ 20. Kh1 Bxg3 21. Bxf8 Qxh4+ 22. Kg1 Bxe1 23. Bd6 Bf2+ 24. Kf1 Nd7 25. Rd1 Re8 26. Qf3 Bb6 27. Bg3 Qh1# 0-1

[Event "Early-Titled-Tuesday-Blitz-October-10-2023"]
[Site "Chess.com"]
[Date "2023.10.10"]
[Round "2"]
[White "MartinMatthiesen"]
[Black "parintele_chess"]
[Result "0-1"]
[WhiteElo "2464"]
[BlackElo "2247"]
[TimeControl "180+1"]
[EndTime "8:16:05 PDT"]
[Termination "parintele_chess won by resignation"]

1. Nf3 Nf6 2. c4 c5 3. g3 g6 4.
Bg2 Bg7 5. O-O O-O 6. Nc3 Nc6 7. d4 cxd4 8. Nxd4 Nxd4 9. Qxd4 d6 10. Bg5 a6 11. Qd3 Rb8 12. Rfd1 Bd7 13. c5 Bf5 14. e4 Bg4 15. f3 Be6 16. cxd6 exd6 17. Qxd6 Qa5 18.
Qd2 Rbd8 19. Qe3 Rxd1+ 20. Rxd1 b5 21. a3 b4 22. axb4 Qxb4 23. Qd2 Nd7 24. Kh1 Ne5 25. Qc2 Bb3 26. Qc1 Bxd1 27. Nxd1 Qe1+ 0-1

[Event "Early-Titled-Tuesday-Blitz-October-10-2023"]
[Site "Chess.com"]
[Date "2023.10.10"]
[Round "2"]
[White "Kotofeyca"]
[Black "farzadbfd"]
[Result "0-1"]
[WhiteElo "2431"]
[BlackElo "2704"]
[TimeControl "180+1"]
[EndTime "8:16:07 PDT"]
[Termination "farzadbfd won on time"]

1. d4 Nf6 2. c4 e6 3. Nf3 d5 4.
Nc3 Be7 5. cxd5 exd5 6. Bg5 O-O 7.
Qc2 h6 8. Bh4 b6 9. e3 Bb7 10.
Be2 Nbd7 11. O-O Re8 12. Rfd1 Ne4 13. Bxe7 Qxe7 14. Rac1 f5 15. a3 c6 16. b4 b5 17. Bd3 a5 18. Rb1 axb4 19. axb4 Ra3 20. Ne2 Rea8 21. Nf4 Kh7 22. h4 g5 23. hxg5 hxg5 24.
Nh5 Kg6 25. g4 fxg4 26. Ne5+ Nxe5 27. Bxe4+ Kxh5 28. dxe5 dxe4 29. Qxe4 c5 30. Qf5 Rf8 0-1

[Event "Early-Titled-Tuesday-Blitz-October-10-2023"]
[Site "Chess.com"]
[Date "2023.10.10"]
[Round "2"]
[White "Shivananda1964"]
[Black "DonJuanEGenaro"]
[Result "1-0"]
[WhiteElo "2421"]
[BlackElo "1830"]
[TimeControl "180+1"]
[EndTime "8:16:07 PDT"]
[Termination "Shivananda1964 won by resignation"]

1. e4 c5 2. Nf3 Nc6 3. c3 e5 4. Bc4 Qc7 5. O-O Nf6 6. Ng5 Nd8 7. f4 d6 8. d3 h6 9. Nf3 Be7 10. f5 a6 11. a4 b6 12. Na3 Bb7 13. Qe2 Rb8 14.
Nc2 Ba8 15. Ne3 b5 16. axb5 axb5 17. Bxb5+ Rxb5 18. Rxa8 Rb8 19. Rxb8 Qxb8 20. Nd5 Nxd5 21. exd5 Bf6 22. Nd2 Qc7 23. Ne4 Qe7 24. Be3 O-O 25. Ra1 Nb7 26. Ra7 Rb8 27. Qc2 Qd8 28. Qa4 Qb6 29.
b4 Bg5 30. Nxg5 hxg5 31. h3 Kh7 32. b5 Qd8 33. Qg4 Qf6 34. Bxg5 1-0

[Event "Early-Titled-Tuesday-Blitz-October-10-2023"]
[Site "Chess.com"]
[Date "2023.10.10"]
[Round "2"]
[White "LileKoridze"]
[Black "ArtemDyachuk"]
[Result "0-1"]
[WhiteElo "2347"]
[BlackElo "2667"]
[TimeControl "180+1"]
[EndTime "8:16:10 PDT"]
[Termination "ArtemDyachuk won by resignation"]

1. d4 Nf6 2. c4 e6 3. Nf3 c5 4. d5 d6 5. Nc3 exd5 6. cxd5 g6 7. Nd2 Bg7 8. Nc4 O-O 9. Bg5 h6 10. Bh4 Re8 11. e3 a6 12. a4 g5 13. Bg3 Ne4 14. Nxe4 Rxe4 15. Bd3 Rxc4 16. Bxc4 Bxb2 17. Rb1 Bc3+ 18.
Ke2 b5 19. Qc2 Bg7 20. axb5 axb5 21. Bxb5 Na6 22. Bxa6 Bxa6+ 23. Ke1 Qa5+ 24. Kd1 Bb5 25. Qd2 Bc3 26. Qc1 Qa4+ 27. Qc2 Be2+ 28. Kc1 Qa3+ 29.
Rb2 Bd3 0-1

[Event "Early-Titled-Tuesday-Blitz-October-10-2023"]
[Site "Chess.com"]
[Date "2023.10.10"]
[Round "2"]
[White "maximnovik"]
[Black "ivana_999"]
[Result "1-0"]
[WhiteElo "2433"]
[BlackElo "2053"]
[TimeControl "180+1"]
[EndTime "8:16:10 PDT"]
[Termination "maximnovik won by resignation"]

1. e4 e6 2. d4 d5 3. e5 c5 4.
c3 Nc6 5. Nf3 Qb6 6. Bd3 cxd4 7.
O-O Bd7 8. Re1 dxc3 9. bxc3 a6 10. Nbd2 Nge7 11. Rb1 Qc7 12. c4 dxc4 13. Nxc4 Ng6 14. h3 b5 15. Nd6+ Bxd6 16. exd6 Qxd6 17. Bxg6 Qxd1 18. Bxf7+ Kxf7 19. Rxd1 Rhd8 20. Bg5 Ne7 21. Ne5+ Ke8 22. Rbc1 Ra7 23. Rd6 h6 24. Be3 Rc8 25.
Rcd1 1-0

[Event "Early-Titled-Tuesday-Blitz-October-10-2023"]
[Site "Chess.com"]
[Date "2023.10.10"]
[Round "2"]
[White "yosephtaher"]
[Black "SchachmattTV_Tobi"]
[Result "0-1"]
[WhiteElo "2803"]
[BlackElo "2586"]
[TimeControl "180+1"]
[EndTime "8:16:12 PDT"]
[Termination "SchachmattTV_Tobi won by checkmate"]

1. d4 d5 2. Nc3 Nf6 3. Bf4 a6 4. e3 b5 5. Nf3 Bb7 6. Ne5 e6 7.
g4 c5 8. g5 Nfd7 9. Qf3 Nxe5 10. Bxe5 Nc6 11. h4 Nxe5 12. dxe5 Qc7 13. Bg2 Qxe5 14.
O-O-O Be7 15. Ne2 O-O 16. Nf4 c4 17. Ne2 b4 18. Rhg1 c3 19. bxc3 bxc3 20. Rd3 Rfc8 21. Nd4 Rab8 22. Qf4 Qxf4 23. exf4 a5 24. Kd1 Ba6 25.
Ke2 Bd6 26. h5 Bxf4 27. g6 hxg6 28. hxg6 Rb2 29. Bh3 Re8 30. Bg4 f5 31. Bf3 Be5 32. Nb3 Rxc2+ 33. Ke3 f4# 0-1

[Event "Early-Titled-Tuesday-Blitz-October-10-2023"]
[Site "Chess.com"]
[Date "2023.10.10"]
[Round "2"]
[White "Emp3rador"]
[Black "VincentKeymer"]
[Result "0-1"]
[WhiteElo "2523"]
[BlackElo "3103"]
[TimeControl "180+1"]
[EndTime "8:16:15 PDT"]
[Termination "VincentKeymer won by resignation"]

1. e4 c6 2. d4 d5 3. exd5 cxd5 4.
Bd3 Nf6 5. h3 Nc6 6. Nf3 Nb4 7.
Bb5+ Bd7 8. Bxd7+ Qxd7 9. Ne5 Qf5 10. Na3 e6 11. O-O Qh5 12. Qxh5 Nxh5 13. c3 Nc6 14. Nb5 Rc8 15. g4 Nf6 16. Bf4 a6 17. Nxc6 Rxc6 18.
Na7 Rb6 19. Bc7 Rxb2 20. Rfb1 Ba3 21. Rxb2 Bxb2 22. Rb1 Bxc3 23. Rxb7 O-O 24. Nc6 h5 25. gxh5 Nxh5 26. Ra7 Kh7 27. Rxa6 Rc8 28. Ra7 Nf6 29. Ne7 Rf8 30. Bd6 Bxd4 31. Nc6 Bxa7 32. Bxf8 Nd7 33. Nxa7 Nxf8 34. Nc6 Nd7 35. a4 Nc5 36. a5 Na6 37. Nd8 Kg6 38. Kf1 Kf6 39. Ke2 Ke7 40. Nc6+ Kd6 41. Nd4 g6 42. Ke3 e5 43. Nf3 Nb4 44. Ng5 f6 45. Nh7 Ke7 46. Nf8 Kxf8 0-1

[Event "Early-Titled-Tuesday-Blitz-October-10-2023"]
[Site "Chess.com"]
[Date "2023.10.10"]
[Round "2"]
[White "rasmussvane"]
[Black "crazy_m_attack"]
[Result "1-0"]
[WhiteElo "3004"]
[BlackElo "2409"]
[TimeControl "180+1"]
[EndTime "8:16:15 PDT"]
[Termination "rasmussvane won on time"]

1. Nf3 Nf6 2. g3 d5 3. Bg2 e6 4. O-O Be7 5. c4 O-O 6. b3 d4 7. e3 c5 8. Ne5 Nfd7 9. exd4 cxd4 10. Nxd7 Nxd7 11. d3 a5 12. Ba3 Bb4 13. Qe2 Re8 14. Bb2 e5 15. a3 Bd6 16. Nd2 Qb6 17. Rfe1 Nf6 18. Rab1 Bg4 19. Bf3 Bf5 20. Ne4 Bxe4 21.
Bxe4 Nxe4 22. Qxe4 Qc6 23. g4 1-0

[Event "Early-Titled-Tuesday-Blitz-October-10-2023"]
[Site "Chess.com"]
[Date "2023.10.10"]
[Round "2"]
[White "tdf98pantani"]
[Black "crosky"]
[Result "1-0"]
[WhiteElo "2627"]
[BlackElo "2369"]
[TimeControl "180+1"]
[EndTime "8:16:16 PDT"]
[Termination "tdf98pantani won by resignation"]

1. d4 Nf6 2. c4 e6 3. Nc3 Bb4 4. e3 O-O 5. Ne2 c6 6. c5 d5 7. cxd6 Bxd6 8. Ng3 e5 9. dxe5 Bxe5 10. Qc2 c5 11. Bd3 Nc6 12. a3 Be6 13. O-O c4 14. Bf5 Qc8 15. Bd2 Bxg3 16. Bxe6 Bxh2+ 17. Kxh2 Qxe6 18. f3 Ne5 19. e4 Rfd8 20. Bf4 Ng6 21. Be3 Rd3 22.
Rae1 Rad8 23. Qf2 Ne5 24. Kg1 Nh5 25. Nd5 Nf6 26. Bg5 Nxd5 27. exd5 R8xd5 28. f4 Qg6 29. Rxe5 Rxe5 30. fxe5 1-0

[Event "Early-Titled-Tuesday-Blitz-October-10-2023"]
[Site "Chess.com"]
[Date "2023.10.10"]
[Round "2"]
[White "schack_vit"]
[Black "Henryk_S"]
[Result "1-0"]
[WhiteElo "2457"]
[BlackElo "2147"]
[TimeControl "180+1"]
[EndTime "8:16:19 PDT"]
[Termination "schack_vit won on time"]

1. c4 c6 2. Nf3 d5 3. g3 Nf6 4. Bg2 g6 5. O-O Bg7 6. b3 O-O 7. Bb2 a5 8. e3 a4 9. Qc2 axb3 10. axb3 Rxa1 11. Bxa1 Na6 12. Bc3 Bf5 13. Qc1 dxc4 14.
bxc4 Bd3 15. Re1 Nc5 16. Ne5 Nfe4 17. Bd4 Nb3 18. Qb2 Bxe5 19. Bxe5 Bxb1 20. Qxb3 Nxd2 21. Qb4 Be4 22. Rd1 Nf3+ 23. Bxf3 Bxf3 24. Rxd8 Rxd8 25. Bd4 e5 26. Qe7 Ra8 27. Qxe5 1-0

[Event "Early-Titled-Tuesday-Blitz-October-10-2023"]
[Site "Chess.com"]
[Date "2023.10.10"]
[Round "2"]
[White "MaxLeto"]
[Black "fastestmindalive"]
[Result "0-1"]
[WhiteElo "2494"]
[BlackElo "2722"]
[TimeControl "180+1"]
[EndTime "8:16:20 PDT"]
[Termination "fastestmindalive won by resignation"]

1. g4 d5 2. Bg2 c6 3. h3 h5 4.
g5 e5 5. d4 e4 6. c4 Bb4+ 7.
Nc3 Ne7 8. Qb3 a5 9. cxd5 cxd5 10. Bf4 Nbc6 11. e3 Ng6 12. Ne2 Nxf4 13. Nxf4 Qxg5 14. Qxd5 Qxd5 15. Nxd5 O-O 16. Bxe4 Bd6 17. Nb5 Bb8 18. O-O-O Nb4 19. Ne7+ Kh8 20. a3 Nc6 21. Nxc6 bxc6 22. Bxc6 Ra6 23. d5 Bf5 24. Nd4 Bg6 25. f3 Be5 26. e4 Rb8 27. Rd3 Rab6 28. b4 axb4 29. axb4 Rxb4 30. Kd2 Bxd4 31. Rc1 Be5 32. Rc2 f5 33. Re3 Bf4 34. Ke2 Rb2 35. Rxb2 Rxb2+ 0-1

[Event "Early-Titled-Tuesday-Blitz-October-10-2023"]
[Site "Chess.com"]
[Date "2023.10.10"]
[Round "2"]
[White "Haykoooo0o"]
[Black "KnightmareJoker"]
[Result "1-0"]
[WhiteElo "2447"]
[BlackElo "2112"]
[TimeControl "180+1"]
[EndTime "8:16:20 PDT"]
[Termination "Haykoooo0o won by checkmate"]

1. d4 d5 2. Nf3 Nf6 3. e3 c5 4.
Be2 Nc6 5. O-O Bf5 6. c4 e6 7. cxd5 Nxd5 8. Nc3 Bg6 9. Bd2 Be7 10. dxc5 Bxc5 11. Rc1 Bb6 12. Nxd5 Qxd5 13. Bc3 Qxd1 14. Rfxd1 O-O 15. Ne5 Nxe5 16. Bxe5 Rac8 17. Bf3 f6 18. Bc3 Rc7 19. Bb4 Rfc8 20. Rxc7 Rxc7 21. Rd8+ Be8 22. Rxe8+ Kf7 23. Rf8+ Kg6 24. h4 Rc4 25. h5+ Kh6 26. Bc3 Bc7 27. g4 b5 28. Rf7 b4 29. Bd4 a5 30. g5+ Kxg5 31. Rxg7+ Kf5 32. Bg4+ Ke4 33. Bxe6 Rc2 34. Kg2 Be5 35. Bxe5 Kxe5 36. Bg8 Rxb2 37. Rxh7 a4 38. Ra7 a3 39. h6 b3 40.
Bxb3 Rd2 41. h7 Rd8 42. Bg8 Ke4 43. h8=Q Rf8 44. Qh4+ Ke5 45. Qf4# 1-0

[Event "Early-Titled-Tuesday-Blitz-October-10-2023"]
[Site "Chess.com"]
[Date "2023.10.10"]
[Round "2"]
[White "maracayo"]
[Black "GaiozNigalidze"]
[Result "0-1"]
[WhiteElo "2384"]
[BlackElo "2714"]
[TimeControl "180+1"]
[EndTime "8:16:21 PDT"]
[Termination "GaiozNigalidze won by resignation"]

1. e4 c5 2. Nf3 d6 3. d3 Nc6 4. Nbd2 g6 5. Be2 Bg7 6. O-O e6 7. c3 Nge7 8. Re1 O-O 9. Bf1 b5 10. Nb3 b4 11. d4 bxc3 12. bxc3 cxd4 13. cxd4 a5 14. Be3 a4 15. Nbd2 d5 16. e5 Nf5 17.
Rc1 Qb6 18. Nb1 Bd7 19. Nc3 Nxe3 20. fxe3 Ne7 21. Rb1 Qa5 22. Qd3 Rfc8 23. Rec1 Bh6 24. Rb7 Nf5 25. e4 Bxc1 26. exf5 Rxc3 27. Qb1 Be3+ 28. Kh1 0-1

[Event "Early-Titled-Tuesday-Blitz-October-10-2023"]
[Site "Chess.com"]
[Date "2023.10.10"]
[Round "2"]
[White "LaPiToB"]
[Black "jup1978"]
[Result "0-1"]
[WhiteElo "2293"]
[BlackElo "2516"]
[TimeControl "180+1"]
[EndTime "8:16:21 PDT"]
[Termination "jup1978 won by resignation"]

1. d4 Nf6 2. c4 e6 3. Nc3 Bb4 4. e3 O-O 5. Ne2 b6 6. a3 Be7 7. f3 d5 8. Nf4 Bb7 9. cxd5 Nxd5 10. Nfxd5 Bxd5 11. Bd3 Nd7 12. O-O c5 13. e4 Bb7 14.
d5 exd5 15. Nxd5 Nf6 16. Nxf6+ Bxf6 17. Qe2 Qd4+ 18. Kh1 Rfd8 19. Bc4 a6 20. a4 h6 21. Be3 Qxb2 22. Qxb2 Bxb2 23. Rab1 Bd4 24. Bxd4 Rxd4 25. Rxb6 Rxc4 26. Rxb7 Rxa4 27. Rc1 Rc8 28. h4 c4 29. Kh2 c3 30. Kg3 c2 31. Rb2 Rac4 32. Kf4 a5 33. g4 Rc3 34. Ra2 R8c5 35. h5 g6 36. hxg6 fxg6 37. Rb2 a4 38. Rb8+ Kf7 39.
Rb7+ Rc7 40. Rxc7+ Rxc7 41. Ke3 a3 42. Kd2 a2 0-1

[Event "Early-Titled-Tuesday-Blitz-October-10-2023"]
[Site "Chess.com"]
[Date "2023.10.10"]
[Round "2"]
[White "c63_amg"]
[Black "ChessRespected"]
[Result "1-0"]
[WhiteElo "2820"]
[BlackElo "2561"]
[TimeControl "180+1"]
[EndTime "8:16:23 PDT"]
[Termination "c63_amg won by resignation"]

1. e4 e5 2. Nf3 Nc6 3. d4 exd4 4. Bc4 Nf6 5. e5 d5 6. Bb5 Ne4 7. Nxd4 Bc5 8. O-O O-O 9. Bxc6 bxc6 10. f3 Ng5 11. f4 Ne6 12. c3 Bb6 13. Be3 c5 14. Nxe6 fxe6 15. Kh1 d4 16. Bg1 Bb7 17. Nd2 dxc3 18. bxc3 Qd3 19. Nb3 Qe4 20. Qg4 Rf5 21. Bxc5 h5 22. Qh3 Rd8 23. Rae1 Qc2 24. Bxb6 axb6 25.
Nd4 Rxd4 26. cxd4 Qxa2 27. Rc1 Qe2 28. Rg1 Rxf4 29. Rxc7 Bxg2+ 30. Qxg2 1-0

[Event "Early-Titled-Tuesday-Blitz-October-10-2023"]
[Site "Chess.com"]
[Date "2023.10.10"]
[Round "2"]
[White "ama18"]
[Black "krzyzan94"]
[Result "0-1"]
[WhiteElo "2549"]
[BlackElo "2782"]
[TimeControl "180+1"]
[EndTime "8:16:23 PDT"]
[Termination "krzyzan94 won by resignation"]

1. e4 c5 2. Nf3 Nc6 3. d4 cxd4 4.
Nxd4 e5 5. Nb5 d6 6. c4 Be6 7. N1c3 a6 8. Na3 g6 9. g3 Bg7 10. Bg2 Rc8 11. Nd5 Nge7 12. O-O O-O 13. Bg5 Bxd5 14.
cxd5 Nd4 15. Qd2 f6 16. Be3 f5 17. f4 fxe4 18. Bxe4 Nef5 19. fxe5 dxe5 20. Bf2 b5 21. Nc2 Rxc2 22. Qxc2 Nxc2 23. Bxc2 Nd4 24. Be4 Nf3+ 0-1

[Event "Early-Titled-Tuesday-Blitz-October-10-2023"]
[Site "Chess.com"]
[Date "2023.10.10"]
[Round "2"]
[White "Alonmindlin"]
[Black "Quattroporte300"]
[Result "1-0"]
[WhiteElo "2712"]
[BlackElo "2380"]
[TimeControl "180+1"]
[EndTime "8:16:23 PDT"]
[Termination "Alonmindlin won by checkmate"]

1. e4 c5 2. c3 g6 3. d4 cxd4 4.
cxd4 Bg7 5. Nc3 d6 6. Nf3 Nf6 7. Bb5+ Bd7 8. e5 Ng4 9. e6 fxe6 10. Ng5 Nxf2 11. Kxf2 O-O+ 12. Nf3 Bxb5 13. Nxb5 Qb6 14. Qb3 a6 15. Qxe6+ Kh8 16. Nc3 Bxd4+ 17. Ke2 Bg7 18. Qe3 Qb4 19. a3 Qg4 20. Qg5 Qc4+ 21. Kf2 Nc6 22. Be3 Rf5 23. Qg3 Ne5 24. Rhf1 Ng4+ 25.
Kg1 Nxe3 26. Rfc1 Qd3 27. h3 Raf8 28. Re1 Nc2 29. Red1 Qe3+ 30. Kh1 Nxa1 31. Rxa1 e5 32. Nd5 Qb3 33. Ne7 R5f7 34. Qh4 Qe6 35. Ng5 Qxe7 36. Qxh7# 1-0

[Event "Early-Titled-Tuesday-Blitz-October-10-2023"]
[Site "Chess.com"]
[Date "2023.10.10"]
[Round "2"]
[White "dziththaulydcc"]
[Black "Wizard_97"]
[Result "1-0"]
[WhiteElo "2798"]
[BlackElo "2553"]
[TimeControl "180+1"]
[EndTime "8:16:24 PDT"]
[Termination "dziththaulydcc won by resignation"]

1. d4 Nf6 2. Nf3 e6 3. Bf4 d5 4. e3 c5 5. c3 Nc6 6. Nbd2 Bd6 7. Bg3 O-O 8. Bd3 Re8 9. Ne5 Bxe5 10. dxe5 Nd7 11. f4 f5 12. O-O Rb8 13. Nf3 b5 14. Rc1 a5 15. Qe2 Qb6 16. Rfd1 a4 17. Bf2 Na5 18. Kh1 Ba6 19. Rg1 Nc4 20. g4 fxg4 21. Rxg4 b4 22. Rcg1 Re7 23. Rh4 Nf8 24. Qc2 g6 25. Ng5 bxc3 26. Nxh7 Qxb2 27. Bxg6 Qxc2 28. Nf6+ Kg7 29. Bxc2+ Kf7 30. Rhg4 Ng6 31. Bxg6+ Kf8 32. Bh5 1-0

[Event "Early-Titled-Tuesday-Blitz-October-10-2023"]
[Site "Chess.com"]
[Date "2023.10.10"]
[Round "2"]
[White "GiorgianBarbosa"]
[Black "IsaqueGoncalvesSanto"]
[Result "1-0"]
[WhiteElo "2414"]
[BlackElo "1824"]
[TimeControl "180+1"]
[EndTime "8:16:25 PDT"]
[Termination "GiorgianBarbosa won on time"]

1. e4 e6 2. d4 d5 3. exd5 exd5 4. Nf3 Bd6 5. Bd3 Ne7 6. h3 Nbc6 7. O-O O-O 8. c3 Bf5 9. Qc2 Qd7 10. Nbd2 Bf4 11. Re1 Rfe8 12. Nf1 Bxc1 13. Raxc1 Bxd3 14. Qxd3 Qf5 15. Qb5 b6 16. Ne3 Qg6 17. Nxd5 a6 18. Nxe7+ Nxe7 19. Qd7 Qd6 20. Qxd6 cxd6 21. Kf1 f6 22. Nd2 d5 23.
Re6 Rab8 24. Rce1 Kf7 25. Nb3 Nf5 26. Rxe8 Rxe8 27. Rxe8 Kxe8 28. Nc1 Kd7 29. Nd3 Kc6 30. Nb4+ 1-0

[Event "Early-Titled-Tuesday-Blitz-October-10-2023"]
[Site "Chess.com"]
[Date "2023.10.10"]
[Round "2"]
[White "SharapovEvgeny"]
[Black "Zhigalko_Sergei"]
[Result "1/2-1/2"]
[WhiteElo "2616"]
[BlackElo "2945"]
[TimeControl "180+1"]
[EndTime "8:16:26 PDT"]
[Termination "Game drawn by repetition"]

1. e4 c5 2. Nf3 Nc6 3. d4 cxd4 4.
Nxd4 Nf6 5. Nc3 e5 6. Ndb5 d6 7. Bg5 a6 8. Na3 b5 9. Nd5 Be7 10. Bxf6 Bxf6 11. c3 Bg5 12. Nc2 Ne7 13. Ncb4 O-O 14. a4 bxa4 15. Rxa4 a5 16. Nxe7+ Qxe7 17.
Nd5 Qb7 18. b3 Bd7 19. Ra2 Rfc8 20. Bc4 a4 21. O-O g6 22. Ra3 Be6 23. Qd3 axb3 24. Rxb3 Qc6 25. Rb4 Rab8 26. Rfb1 Rxb4 27. Rxb4 Bxd5 28.
Bxd5 Qxc3 29. Qxc3 Rxc3 30. g3 Rc7 31. Rb7 Rxb7 32. Bxb7 Kg7 33. Bd5 f5 34. f3 Kf6 35.
Kg2 Be3 36. h3 h5 37. Bc6 Bd2 38. Bd5 Be1 39. Bc6 f4 40. g4 Ke7 41. Bd5 Kf6 42. Bc6 Kg5 43. Bd5 Kh4 44. Bf7 Kg5 45. Bd5 Kh4 46.
Bf7 Kg5 47. Bd5 1/2-1/2

[Event "Early-Titled-Tuesday-Blitz-October-10-2023"]
[Site "Chess.com"]
[Date "2023.10.10"]
[Round "2"]
[White "Drags95"]
[Black "TregubovP"]
[Result "1-0"]
[WhiteElo "2869"]
[BlackElo "2585"]
[TimeControl "180+1"]
[EndTime "8:16:26 PDT"]
[Termination "Drags95 won by resignation"]

1. d4 Nf6 2. c4 e6 3. Nc3 Bb4 4. e3 b6 5. Ne2 Ne4 6. Qc2 Bb7 7. Ng3 f5 8. f3 Nxc3 9. bxc3 Bd6 10. e4 Qh4 11. e5 Be7 12. Qf2 d6 13. f4 Nd7 14.
Be2 O-O-O 15. O-O dxe5 16. fxe5 g5 17. Bf3 f4 18. Bxb7+ Kxb7 19. Qf3+ Kb8 20. Ne4 Rdf8 21. Nf2 h5 22. Qc6 Nxe5 23. dxe5 Bc5 24. Rb1 Bxf2+ 25.
Rxf2 g4 26. Bxf4 1-0

[Event "Early-Titled-Tuesday-Blitz-October-10-2023"]
[Site "Chess.com"]
[Date "2023.10.10"]
[Round "2"]
[White "IMSlavin"]
[Black "Witaliss"]
[Result "0-1"]
[WhiteElo "2223"]
[BlackElo "2508"]
[TimeControl "180+1"]
[EndTime "8:16:31 PDT"]
[Termination "Witaliss won by resignation"]

1. e4 c6 2. d4 d5 3. e5 Bf5 4. Nf3 e6 5. Be2 c5 6. Be3 cxd4 7. Nxd4 Ne7 8. O-O Nbc6 9. Nxf5 Nxf5 10. Bf4 g5 11.
Bg3 Nxg3 12. hxg3 Bg7 13. f4 Qb6+ 14. Kh2 Qxb2 15. Nd2 O-O-O 16. a4 h5 17. Nf3 gxf4 18. gxf4 h4 19. Qd2 Qb4 20. c3 Qe7 21. Ng5 f6 22. exf6 Bxf6 23. Bb5 Bxg5 24. fxg5 Ne5 25. Rae1 Qd6 26.
Kh1 a6 27. Qd4 Ng6 28. Bd3 Ne7 29. Rf6 Nc6 30. Qb6 h3 31. Qf2 hxg2+ 32. Kxg2 Rh2+ 0-1